TOP OF THE 1ST |
Augusta Timber Hawks batting - Pitching for Rappahannock Partisans : RHP Jim Unknown
|
Pitching: RHP Jim Unknown
|
|
Batting: RHB Billy Strauss
|
0-0: Called Strike 0-1: Ball 1-1: Called Strike 1-2: Strikes out swinging
|
Batting: SHB Lawrence Franklin
|
0-0: Foul Ball, location: 2F 0-1: Ball 1-1: Swinging Strike 1-2: Foul Ball, location: 2F 1-2: Strikes out swinging
|
Batting: RHB Bob Dickerson
|
0-0: Foul Ball, location: 2F 0-1: Called Strike 0-2: Ball 1-2: Ball 2-2: Foul Ball, location: 2F 2-2: Ball 3-2: Fly out, F7 (Flyball, 7M)
|
Top of the 1st over - 0 run(s), 0 hit(s), 0 error(s), 0 left on base; Augusta 0 - Rappahannock 0 |
BOTTOM OF THE 1ST |
Rappahannock Partisans batting - Pitching for Augusta Timber Hawks : RHP Norm Burris
|
Pitching: RHP Norm Burris
|
|
Batting: RHB Bill Taylor
|
0-0: Called Strike 0-1: Ball 1-1: Ground out 6-3 (Groundball, 6M)
|
Batting: LHB Alfonso López
|
0-0: Called Strike 0-1: Ball 1-1: SINGLE (Line Drive, 6D)
|
Batting: RHB Eduardo Manuel
|
0-0: Ball 1-0: SINGLE (Groundball, 56D) Alfonso López to second
|
Batting: RHB José Mata
|
0-0: Ball 1-0: Ball 2-0: Fly out, F9 (Flyball, 9LMF)
|
Batting: RHB Cipriano Oliveira
|
0-0: Ball 1-0: Ball 2-0: Called Strike 2-1: Fly out, F2 (Popup, 2RF)
|
Bottom of the 1st over - 0 run(s), 2 hit(s), 0 error(s), 2 left on base; Augusta 0 - Rappahannock 0 |
TOP OF THE 2ND |
Augusta Timber Hawks batting - Pitching for Rappahannock Partisans : RHP Jim Unknown
|
Batting: RHB Eddy Baxter
|
0-0: Swinging Strike 0-1: Ball 1-1: Swinging Strike 1-2: Foul Ball, location: 2F 1-2: Foul Ball, location: 2F 1-2: Ball 2-2: Foul Ball, location: 2F 2-2: Foul Ball, location: 2F 2-2: Ball 3-2: Base on Balls
|
Batting: RHB Rob Young
|
0-0: Foul Ball, location: 2F 0-1: Called Strike 0-2: Ground out 5-3 (Groundball, 56S) Eddy Baxter to second
|
Batting: RHB Dave Bush
|
0-0: Ball 1-0: Swinging Strike 1-1: Foul Ball, location: 2F 1-2: Fly out, F2 (Popup, 2RF)
|
Batting: SHB José Salazar
|
0-0: Called Strike 0-1: Ball 1-1: Ball 2-1: Ball 3-1: Foul Ball, location: 2F 3-2: Ground out U3 (Groundball, 3L)
|
Top of the 2nd over - 0 run(s), 0 hit(s), 0 error(s), 1 left on base; Augusta 0 - Rappahannock 0 |
BOTTOM OF THE 2ND |
Rappahannock Partisans batting - Pitching for Augusta Timber Hawks : RHP Norm Burris
|
Batting: RHB Colby Turner
|
0-0: Called Strike 0-1: Ball 1-1: Called Strike 1-2: Strikes out swinging
|
Batting: LHB Marvin von Seydlitz
|
0-0: Ball 1-0: Swinging Strike 1-1: Ball 2-1: Foul Ball, location: 2F 2-2: Fly out, F6 (Popup, 6MD)
|
Batting: LHB Miguel Mendoza
|
0-0: Called Strike 0-1: Swinging Strike 0-2: Strikes out looking
|
Bottom of the 2nd over - 0 run(s), 0 hit(s), 0 error(s), 0 left on base; Augusta 0 - Rappahannock 0 |
TOP OF THE 3RD |
Augusta Timber Hawks batting - Pitching for Rappahannock Partisans : RHP Jim Unknown
|
Batting: RHB Juan Banda
|
0-0: Swinging Strike 0-1: Ball 1-1: SINGLE (Groundball, 5L) (infield hit)
|
Batting: LHB Jerry Burnett
|
0-0: Ground out 4-3 (Groundball, 4S) Juan Banda to second
|
Batting: RHB Billy Strauss
|
0-0: Foul Ball, location: 2F 0-1: Ball 1-1: Ball 2-1: Swinging Strike 2-2: Strikes out swinging
|
Batting: SHB Lawrence Franklin
|
0-0: Fly out, F7 (Popup, 6D)
|
Top of the 3rd over - 0 run(s), 1 hit(s), 0 error(s), 1 left on base; Augusta 0 - Rappahannock 0 |
BOTTOM OF THE 3RD |
Rappahannock Partisans batting - Pitching for Augusta Timber Hawks : RHP Norm Burris
|
Batting: RHB Ángel Ruezga
|
0-0: Foul Ball, location: 2F 0-1: Fly out, F4 (Popup, 34)
|
Batting: RHB Bill Taylor
|
0-0: Ball 1-0: Ball 2-0: Swinging Strike 2-1: Swinging Strike 2-2: Foul Ball, location: 2F 2-2: Strikes out looking
|
Batting: LHB Alfonso López
|
0-0: Swinging Strike 0-1: Swinging Strike 0-2: Ball 1-2: Foul Ball, location: 2F 1-2: Ball 2-2: Reached on Error, E9 (Line Drive, 9M)
|
Batting: RHB Eduardo Manuel
|
0-0: Ground out 6-3 (Groundball, 56)
|
Bottom of the 3rd over - 0 run(s), 0 hit(s), 1 error(s), 1 left on base; Augusta 0 - Rappahannock 0 |
TOP OF THE 4TH |
Augusta Timber Hawks batting - Pitching for Rappahannock Partisans : RHP Jim Unknown
|
Batting: RHB Bob Dickerson
|
0-0: SOLO HOME RUN (Flyball, 7D), Distance : 400 ft
|
Batting: RHB Eddy Baxter
|
0-0: Ground out 6-3 (Groundball, 56)
|
Batting: RHB Rob Young
|
0-0: SINGLE (Groundball, 56D)
|
Batting: RHB Dave Bush
|
0-0: Ball 1-0: Ball 2-0: Called Strike 2-1: Foul Ball, location: 2F 2-2: Strikes out looking
|
Batting: SHB José Salazar
|
0-0: Ball 1-0: Foul Ball, location: 2F 1-1: Ball 2-1: Swinging Strike 2-2: Foul Ball, location: 2F 2-2: Strikes out swinging
|
Top of the 4th over - 1 run(s), 2 hit(s), 0 error(s), 1 left on base; Augusta 1 - Rappahannock 0 |
BOTTOM OF THE 4TH |
Rappahannock Partisans batting - Pitching for Augusta Timber Hawks : RHP Norm Burris
|
Batting: RHB José Mata
|
0-0: Foul Ball, location: 2F 0-1: Ball 1-1: Hit by Pitch
|
Batting: RHB Cipriano Oliveira
|
0-0: Called Strike 0-1: Ball 1-1: Foul Ball, location: 2F 1-2: Ball 2-2: SINGLE (Line Drive, 6D) José Mata to second
|
Batting: RHB Colby Turner
|
0-0: Ball 1-0: 3-RUN HOME RUN (Flyball, 7D), Distance : 385 ft
|
Batting: LHB Marvin von Seydlitz
|
0-0: Ball 1-0: Ground out 4-3 (Groundball, 34)
|
Batting: LHB Miguel Mendoza
|
0-0: Ball 1-0: SINGLE (Groundball, 56D)
|
Batting: RHB Ángel Ruezga
|
0-0: Ball 1-0: Ball 2-0: Ball 3-0: Foul Ball, location: 2F 3-1: Called Strike 3-2: Foul Ball, location: 2F 3-2: Grounds into double play, U6-3 (Groundball, 6M)
|
Bottom of the 4th over - 3 run(s), 3 hit(s), 0 error(s), 0 left on base; Augusta 1 - Rappahannock 3 |
TOP OF THE 5TH |
Augusta Timber Hawks batting - Pitching for Rappahannock Partisans : RHP Jim Unknown
|
Batting: RHB Juan Banda
|
0-0: Ground out 1-3 (Groundball, 15)
|
Batting: LHB Jerry Burnett
|
0-0: Fly out, F5 (Line Drive, 56)
|
Batting: RHB Billy Strauss
|
0-0: Ball 1-0: Called Strike 1-1: Ball 2-1: Swinging Strike 2-2: Foul Ball, location: 2F 2-2: Strikes out swinging
|
Top of the 5th over - 0 run(s), 0 hit(s), 0 error(s), 0 left on base; Augusta 1 - Rappahannock 3 |
BOTTOM OF THE 5TH |
Rappahannock Partisans batting - Pitching for Augusta Timber Hawks : RHP Norm Burris
|
Batting: RHB Bill Taylor
|
0-0: Foul Ball, location: 2F 0-1: Ball 1-1: Called Strike 1-2: Strikes out looking
|
Batting: LHB Alfonso López
|
0-0: Ball 1-0: Foul Ball, location: 2F 1-1: Ball 2-1: DOUBLE (Line Drive, 8LM)
|
Batting: RHB Eduardo Manuel
|
0-0: Ground out 6-3 (Groundball, 6M) Alfonso López to third
|
Batting: RHB José Mata
|
0-0: Ball 1-0: Ball 2-0: Foul Ball, location: 2F 2-1: Ground out 6-3 (Groundball, 6)
|
Bottom of the 5th over - 0 run(s), 1 hit(s), 0 error(s), 1 left on base; Augusta 1 - Rappahannock 3 |
TOP OF THE 6TH |
Augusta Timber Hawks batting - Pitching for Rappahannock Partisans : RHP Jim Unknown
|
Batting: SHB Lawrence Franklin
|
0-0: Ball 1-0: Called Strike 1-1: Called Strike 1-2: Ground out 1-3 (Groundball, 13)
|
Batting: RHB Bob Dickerson
|
0-0: Called Strike 0-1: Ball 1-1: Ground out 5-3 (Groundball, 56)
|
Batting: RHB Eddy Baxter
|
0-0: Foul Ball, location: 2F 0-1: Foul Ball, location: 2F 0-2: Foul Ball, location: 2F 0-2: Foul Ball, location: 2F 0-2: Ball 1-2: Ball 2-2: Fly out, F9 (Popup, 8RS)
|
Top of the 6th over - 0 run(s), 0 hit(s), 0 error(s), 0 left on base; Augusta 1 - Rappahannock 3 |
BOTTOM OF THE 6TH |
Rappahannock Partisans batting - Pitching for Augusta Timber Hawks : RHP Norm Burris
|
Batting: RHB Cipriano Oliveira
|
0-0: Called Strike 0-1: Called Strike 0-2: Foul Ball, location: 2F 0-2: Ball 1-2: Fly out, F7 (Flyball, 78M)
|
Batting: RHB Colby Turner
|
0-0: Ball 1-0: Called Strike 1-1: Fly out, F3 (Popup, 34)
|
Batting: LHB Marvin von Seydlitz
|
0-0: Ball 1-0: Swinging Strike 1-1: Foul Ball, location: 2F 1-2: Strikes out swinging
|
Bottom of the 6th over - 0 run(s), 0 hit(s), 0 error(s), 0 left on base; Augusta 1 - Rappahannock 3 |
TOP OF THE 7TH |
Augusta Timber Hawks batting - Pitching for Rappahannock Partisans : RHP Jim Unknown
|
Batting: RHB Rob Young
|
0-0: Called Strike 0-1: Called Strike 0-2: Ball 1-2: Ball 2-2: Strikes out swinging
|
Batting: RHB Dave Bush
|
0-0: Ball 1-0: Ground out 6-3 (Groundball, 6M)
|
Batting: SHB José Salazar
|
0-0: Swinging Strike 0-1: Fly out, F7 (Flyball, 7M)
|
Top of the 7th over - 0 run(s), 0 hit(s), 0 error(s), 0 left on base; Augusta 1 - Rappahannock 3 |
BOTTOM OF THE 7TH |
Rappahannock Partisans batting - Pitching for Augusta Timber Hawks : RHP Norm Burris
|
Batting: LHB Miguel Mendoza
|
0-0: Ball 1-0: Called Strike 1-1: Foul Ball, location: 2F 1-2: Strikes out swinging
|
Batting: RHB Ángel Ruezga
|
0-0: Ball 1-0: Called Strike 1-1: Swinging Strike 1-2: Foul Ball, location: 2F 1-2: Strikes out swinging
|
Batting: RHB Bill Taylor
|
0-0: Ball 1-0: Ball 2-0: Ball 3-0: Base on Balls
|
Pitching: RHP Bruce Nichols
|
|
Batting: LHB Alfonso López
|
0-0: Foul Ball, location: 2F 0-1: Ball 1-1: Ball 2-1: SINGLE (Line Drive, 78S) Bill Taylor to second
|
Batting: RHB Eduardo Manuel
|
0-0: Called Strike 0-1: Foul Ball, location: 2F 0-2: Fly out, F4 (Line Drive, 4)
|
Bottom of the 7th over - 0 run(s), 1 hit(s), 0 error(s), 2 left on base; Augusta 1 - Rappahannock 3 |
TOP OF THE 8TH |
Augusta Timber Hawks batting - Pitching for Rappahannock Partisans : RHP Jim Unknown
|
Batting: RHB Juan Banda
|
0-0: Ball 1-0: Called Strike 1-1: Ball 2-1: DOUBLE (Flyball, 9D)
|
Batting: LHB Jerry Burnett
|
0-0: Ball 1-0: Called Strike 1-1: Foul Ball, location: 2F 1-2: Ball 2-2: Fly out, F2 (Popup, 2RF)
|
Batting: RHB Billy Strauss
|
0-0: Called Strike 0-1: Ball 1-1: Foul Ball, location: 2F 1-2: Strikes out swinging
|
Pitching: RHP Jim Unknown
|
|
Batting: SHB Lawrence Franklin
|
0-0: Ball 1-0: Foul Ball, location: 2F 1-1: Foul Ball, location: 2F 1-2: Ball 2-2: Ball 3-2: Fly out, F7 (Flyball, 78M)
|
Top of the 8th over - 0 run(s), 1 hit(s), 0 error(s), 1 left on base; Augusta 1 - Rappahannock 3 |
BOTTOM OF THE 8TH |
Rappahannock Partisans batting - Pitching for Augusta Timber Hawks : RHP Bruce Nichols
|
Batting: RHB José Mata
|
0-0: Foul Ball, location: 2F 0-1: Swinging Strike 0-2: Ball 1-2: Ball 2-2: Strikes out swinging
|
Batting: RHB Cipriano Oliveira
|
0-0: Ball 1-0: Called Strike 1-1: Ball 2-1: Foul Ball, location: 2F 2-2: Ground out 6-3 (Groundball, 56)
|
Batting: RHB Colby Turner
|
0-0: Called Strike 0-1: DOUBLE (Flyball, 8RXD)
|
Batting: LHB Marvin von Seydlitz
|
0-0: Ball 1-0: Ground out 3-1 (Groundball, 34)
|
Bottom of the 8th over - 0 run(s), 1 hit(s), 0 error(s), 1 left on base; Augusta 1 - Rappahannock 3 |
TOP OF THE 9TH |
Augusta Timber Hawks batting - Pitching for Rappahannock Partisans : RHP Jim Unknown
|
Batting: RHB Bob Dickerson
|
0-0: Ground out 6-3 (Groundball, 6M)
|
Batting: RHB Eddy Baxter
|
0-0: Ball 1-0: Foul Ball, location: 2F 1-1: Ball 2-1: Foul Ball, location: 2F 2-2: Strikes out looking
|
Batting: RHB Rob Young
|
0-0: Ball 1-0: SINGLE (Groundball, 56D)
|
Batting: RHB Dave Bush
|
0-0: Ball 1-0: SINGLE (Flyball, 78S) Rob Young to second
|
Batting: SHB José Salazar
|
0-0: Ball 1-0: Ball 2-0: Called Strike 2-1: Called Strike 2-2: Foul Ball, location: 2F 2-2: Strikes out swinging
|
Top of the 9th over - 0 run(s), 2 hit(s), 0 error(s), 2 left on base; Augusta 1 - Rappahannock 3 |
|